XFBL
TORONTO BLUE JAYS @ TEXAS RANGERS
05/16/1982
 
TOP OF THE 1ST
Toronto Blue Jays batting - Pitching for Texas Rangers : RHP Tim Leary
Pitching: RHP Tim Leary
Batting: SHB Harold Reynolds 0-0: Bunt missed!
0-1: Ball
1-1: Ball
2-1: Swinging Strike
2-2: Ball
3-2: Base on Balls
Batting: RHB Jose Gonzalez 0-0: Ball
1-0: Ball
2-0: Called Strike
2-1: Ball
3-1: Fielders Choice at 2nd, 5-4 (Groundball, 15, EV 80.0 MPH)
Batting: LHB Sheldon Mallory 0-0: Fly out, F7 (Flyball, 78D, EV 107.5 MPH)
Batting: RHB Juan Monasterio 0-0: Called Strike
0-1: Called Strike
0-2: Foul Ball, location: 2F
0-2: Foul Ball, location: 2F
0-2: Hit by Pitch
Jose Gonzalez to second
Batting: RHB Andres Galarraga 0-0: Ball
1-0: SINGLE (Groundball, 6MD, EV 94.4 MPH)
Jose Gonzalez to third
Juan Monasterio to second
Runner from 3rd tries for Home, SAFE, throw by CF to home
Batting: RHB Hubie Brooks 0-0: Called Strike
0-1: Ball
1-1: Fly out, F4 (Popup, 34D, EV 73.8 MPH)
Top of the 1st over - 1 run, 1 hit, 0 errors, 2 left on base; Toronto 1 - Texas 0
BOTTOM OF THE 1ST
Texas Rangers batting - Pitching for Toronto Blue Jays : LHP Thomas Linnert
Pitching: LHP Thomas Linnert
Batting: LHB Lenny Dykstra 0-0: Ball
1-0: Bunt for hit to 3S - play at first, batter OUT! 3-4
Batting: RHB Juan Rodriguez 0-0: Ground out 5-3 (Groundball, 56S, EV 84.4 MPH)
Batting: LHB Jody Helser 0-0: Ball
1-0: Ball
2-0: Ball
3-0: Called Strike
3-1: Ground out 6-3 (Groundball, 6, EV 105.6 MPH)
Bottom of the 1st over - 0 runs, 0 hits, 0 errors, 0 left on base; Toronto 1 - Texas 0
TOP OF THE 2ND
Toronto Blue Jays batting - Pitching for Texas Rangers : RHP Tim Leary
Batting: LHB Milt Thompson 0-0: Ground out 5-3 (Groundball, 56, EV 107.5 MPH)
Batting: RHB Cal Ripken 0-0: Ball
1-0: Foul Ball, location: 2F
1-1: Foul Ball, location: 2F
1-2: Strikes out looking
Batting: RHB Fritzie Connally 0-0: Ball
1-0: Called Strike
1-1: SINGLE (Line Drive, 89M, EV 95.0 MPH)
Batting: SHB Harold Reynolds 0-0: Ball
1-0: Swinging Strike
1-1: Ball
2-1: Fielders Choice at 2nd, 6-4 (Groundball, 6, EV 80.6 MPH)
Top of the 2nd over - 0 runs, 1 hit, 0 errors, 1 left on base; Toronto 1 - Texas 0
BOTTOM OF THE 2ND
Texas Rangers batting - Pitching for Toronto Blue Jays : LHP Thomas Linnert
Batting: RHB Steve Garvey 0-0: Swinging Strike
0-1: Foul Ball, location: 2F
0-2: Fly out, F7 (Flyball, 7S, EV 88.1 MPH)
Batting: RHB Steve Balboni 0-0: Foul Ball, location: 2F
0-1: Swinging Strike
0-2: Strikes out looking
Batting: RHB Rich Dauer 0-0: Called Strike
0-1: Ball
1-1: Called Strike
1-2: SINGLE (Line Drive, 8LS, EV 103.1 MPH)
Batting: RHB Joe Charboneau 0-0: Called Strike
0-1: Ball
1-1: Ball
2-1: Ball
3-1: Foul Ball, location: 2F
3-2: Base on Balls
Rich Dauer to second
Batting: RHB George Bjorkman 0-0: Ball
1-0: Called Strike
1-1: Ball
2-1: Fly out, F5 (Popup, 56, EV 78.1 MPH)
Bottom of the 2nd over - 0 runs, 1 hit, 0 errors, 2 left on base; Toronto 1 - Texas 0
TOP OF THE 3RD
Toronto Blue Jays batting - Pitching for Texas Rangers : RHP Tim Leary
Batting: RHB Jose Gonzalez 0-0: Ball
1-0: Ball
2-0: SINGLE (Groundball, 56D, EV 105.0 MPH)
Batting: LHB Sheldon Mallory 0-0: Ball
Jose Gonzalez steals 2nd base
1-0: Fly out, F5 (Popup, 56S, EV 83.8 MPH)
Batting: RHB Juan Monasterio 0-0: Ball
1-0: SINGLE (Groundball, 13S, EV 69.4 MPH) (infield hit)
Jose Gonzalez to third
Batting: RHB Andres Galarraga 0-0: Ball
1-0: Swinging Strike
1-1: Called Strike
1-2: Ball
2-2: Strikes out swinging
Batting: RHB Hubie Brooks 0-0: Ball
1-0: Called Strike
1-1: Ball
2-1: Ball
3-1: Base on Balls
Juan Monasterio to second
Batting: LHB Milt Thompson 0-0: Called Strike
0-1: Ball
Wild Pitch!
Jose Gonzalez scores
Juan Monasterio to third
Hubie Brooks to second
1-1: Called Strike
1-2: TRIPLE (Line Drive, 89XD, EV 105.0 MPH)
Juan Monasterio scores
Hubie Brooks scores
Batting: RHB Cal Ripken 0-0: Fly out, F7 (Line Drive, 7, EV 100.6 MPH)
Top of the 3rd over - 3 runs, 3 hits, 0 errors, 1 left on base; Toronto 4 - Texas 0
BOTTOM OF THE 3RD
Texas Rangers batting - Pitching for Toronto Blue Jays : LHP Thomas Linnert
Batting: RHB Juan Samuel 0-0: SINGLE (Groundball, 56S, EV 61.9 MPH) (infield hit)
Batting: LHB Lenny Dykstra 0-0: Ball
1-0: Called Strike
1-1: Called Strike
Juan Samuel steals 2nd base
1-2: Foul Ball, location: 2F
1-2: SINGLE (Line Drive, 9LM, EV 105.6 MPH)
Juan Samuel to third
Batting: RHB Juan Rodriguez 0-0: Ball
1-0: Ball
2-0: Ball
3-0: Called Strike
3-1: Reached on error, E6 (Groundball, 6M, EV 86.9 MPH)
Juan Samuel scores
Lenny Dykstra to second
Batting: LHB Jody Helser 0-0: Swinging Strike
0-1: Swinging Strike
0-2: Strikes out looking
Batting: RHB Steve Garvey 0-0: SINGLE (Line Drive, 4MD, EV 96.3 MPH)
Lenny Dykstra to third
Juan Rodriguez to second
Runner from 3rd tries for Home, SAFE, throw by CF to home
Batting: RHB Steve Balboni 0-0: Ball
1-0: Ball
2-0: Fly out, F9 (Line Drive, 9, EV 98.8 MPH)
Runner from 2nd tags up, SAFE at 3rd with throw by RF
Batting: RHB Rich Dauer 0-0: Called Strike
0-1: 3-RUN HOME RUN (Flyball, 78XD, EV 110.0 MPH), Distance : 404 ft
Batting: RHB Joe Charboneau 0-0: Called Strike
0-1: Foul Ball, location: 2F
0-2: Ball
1-2: Ball
2-2: Ball
3-2: Fly out, F7 (Line Drive, 7, EV 96.3 MPH)
Bottom of the 3rd over - 5 runs, 4 hits, 1 error, 0 left on base; Toronto 4 - Texas 5
TOP OF THE 4TH
Toronto Blue Jays batting - Pitching for Texas Rangers : RHP Tim Leary
Batting: RHB Fritzie Connally 0-0: Called Strike
0-1: Ball
1-1: Ball
2-1: Called Strike
2-2: Foul Ball, location: 2F
2-2: Foul Ball, location: 2F
2-2: Fly out, F8 (Flyball, 8RD, EV 96.3 MPH)
Batting: SHB Harold Reynolds 0-0: Ball
1-0: Ball
2-0: Ball
3-0: Called Strike
3-1: Fly out, F4 (Flyball, 4MD, EV 89.4 MPH)
Batting: RHB Jose Gonzalez 0-0: Ball
1-0: Called Strike
1-1: Swinging Strike
1-2: Fly out, F3 (Flyball, 34D, EV 83.8 MPH)
Top of the 4th over - 0 runs, 0 hits, 0 errors, 0 left on base; Toronto 4 - Texas 5
BOTTOM OF THE 4TH
Texas Rangers batting - Pitching for Toronto Blue Jays : LHP Thomas Linnert
Batting: RHB George Bjorkman 0-0: Ball
1-0: DOUBLE (Line Drive, 78XD, EV 105.0 MPH)
Batting: RHB Juan Samuel 0-0: Ball
1-0: Ball
2-0: SINGLE (Groundball, 56D, EV 102.5 MPH)
George Bjorkman to third
Runner from 3rd tries for Home, SAFE, throw by LF to home
Pitching: RHP Dane Anthony
Batting: LHB Lenny Dykstra 0-0: SINGLE (Groundball, 4M, EV 88.8 MPH) (infield hit)
Juan Samuel to second
Batting: RHB Juan Rodriguez 0-0: Called Strike
0-1: Called Strike
Juan Samuel steals 3rd, throwing error, E2
Juan Samuel scores
Lenny Dykstra to third
0-2: Foul Ball, location: 2F
0-2: Ball
1-2: Ball
2-2: Fly out, F9 (Flyball, 89XD, EV 93.8 MPH)
Runner from 3rd tags up, SCORES, no throw by RF
Batting: LHB Jody Helser 0-0: Ball
1-0: Ball
2-0: DOUBLE (Line Drive, 78M, EV 106.9 MPH)
Batting: RHB Steve Garvey 0-0: Ball
1-0: Ground out 1-3 (Groundball, 13, EV 66.9 MPH)
Jody Helser to third
Batting: RHB Steve Balboni 0-0: Ball
1-0: Called Strike
1-1: Swinging Strike
1-2: 2-RUN HOME RUN (Flyball, 7LD, EV 105.0 MPH), Distance : 352 ft
Batting: RHB Rich Dauer 0-0: Called Strike
0-1: Called Strike
0-2: Ball
1-2: Ball
2-2: SINGLE (Line Drive, 89S, EV 91.9 MPH)
Batting: RHB Joe Charboneau 0-0: Foul Ball, location: 2F
0-1: Ball
1-1: Foul Ball, location: 2F
1-2: Fly out, F9 (Line Drive, 9, EV 85.6 MPH)
Bottom of the 4th over - 5 runs, 6 hits, 1 error, 1 left on base; Toronto 4 - Texas 10
TOP OF THE 5TH
Toronto Blue Jays batting - Pitching for Texas Rangers : RHP Tim Leary
Batting: LHB Sheldon Mallory 0-0: Foul Ball, location: 2F
0-1: Foul Ball, location: 2F
0-2: Ball
1-2: Strikes out looking
Batting: RHB Juan Monasterio 0-0: Called Strike
0-1: DOUBLE (Line Drive, 9LM, EV 110.6 MPH)
Batting: RHB Andres Galarraga 0-0: Called Strike
0-1: Ball
1-1: Fly out, F8 (Flyball, 8RM, EV 90.0 MPH)
Batting: RHB Hubie Brooks 0-0: Ball
1-0: Ground out 6-3 (Groundball, 6S, EV 66.3 MPH)
Top of the 5th over - 0 runs, 1 hit, 0 errors, 1 left on base; Toronto 4 - Texas 10
BOTTOM OF THE 5TH
Texas Rangers batting - Pitching for Toronto Blue Jays : RHP Dane Anthony
Batting: RHB George Bjorkman 0-0: SOLO HOME RUN (Flyball, 7D, EV 108.8 MPH), Distance : 392 ft
Batting: RHB Juan Samuel 0-0: Foul Ball, location: 2F
0-1: Ball
1-1: Swinging Strike
1-2: Ground out 5-3 (Groundball, 56, EV 108.1 MPH)
Batting: LHB Lenny Dykstra 0-0: Ball
1-0: Ball
2-0: SOLO HOME RUN (Line Drive, 8LXD, EV 106.3 MPH), Distance : 450 ft
Pitching: RHP Nick Piazza
Batting: RHB Juan Rodriguez 0-0: Fly out, F3 (Popup, 34, EV 78.1 MPH)
Batting: LHB Jody Helser 0-0: Ball
1-0: DOUBLE (Groundball, 3L, EV 103.8 MPH)
Batting: RHB Steve Garvey 0-0: Called Strike
0-1: Fly out, F6 (Popup, 6, EV 56.9 MPH)
Bottom of the 5th over - 2 runs, 3 hits, 0 errors, 1 left on base; Toronto 4 - Texas 12
TOP OF THE 6TH
Toronto Blue Jays batting - Pitching for Texas Rangers : RHP Tim Leary
Batting: LHB Milt Thompson 0-0: Called Strike
0-1: Ball
1-1: Ground out 6-3 (Groundball, 6, EV 91.9 MPH)
Batting: RHB Cal Ripken 0-0: SINGLE (Groundball, 6MD, EV 94.4 MPH)
Batting: RHB Fritzie Connally 0-0: Called Strike
0-1: Foul Ball, location: 2F
0-2: Fly out, F9 (Flyball, 9S, EV 86.3 MPH)
Batting: SHB Harold Reynolds 0-0: Called Strike
0-1: Ball
1-1: Ball
2-1: Ground out 4-3 (Groundball, 4, EV 86.3 MPH)
Top of the 6th over - 0 runs, 1 hit, 0 errors, 1 left on base; Toronto 4 - Texas 12
BOTTOM OF THE 6TH
Texas Rangers batting - Pitching for Toronto Blue Jays : RHP Nick Piazza
Batting: RHB Steve Balboni 0-0: Swinging Strike
0-1: Called Strike
0-2: Ball
1-2: Strikes out swinging
Batting: RHB Rich Dauer 0-0: Called Strike
0-1: Ball
1-1: Ball
2-1: Ball
3-1: SINGLE (Line Drive, 6MD, EV 95.6 MPH)
Batting: RHB Joe Charboneau 0-0: DOUBLE (Line Drive, 78XD, EV 98.1 MPH)
Rich Dauer to third
Runner from 3rd tries for Home, SAFE, throw by LF to home
Batting: RHB George Bjorkman 0-0: Called Strike
0-1: Called Strike
0-2: Ball
1-2: Strikes out swinging
Batting: RHB Juan Samuel 0-0: Swinging Strike
0-1: Called Strike
0-2: Ball
1-2: Ball
2-2: Foul Ball, location: 2F
2-2: Foul Ball, location: 2F
2-2: Foul Ball, location: 2F
2-2: Foul Ball, location: 2F
2-2: Foul Ball, location: 2F
2-2: Ball
3-2: Base on Balls
Batting: LHB Lenny Dykstra 0-0: Called Strike
0-1: SINGLE (Groundball, 13, EV 88.8 MPH) (infield hit)
Joe Charboneau to third
Juan Samuel to second
Batting: RHB Juan Rodriguez 0-0: Swinging Strike
0-1: Ball
1-1: DOUBLE (Line Drive, 9LM, EV 111.3 MPH)
Joe Charboneau scores
Juan Samuel scores
Lenny Dykstra to third
Runner from 3rd tries for Home, SAFE, throw by RF to trailing runner, OUT at third! 9-3-5
Bottom of the 6th over - 4 runs, 4 hits, 0 errors, 0 left on base; Toronto 4 - Texas 16
TOP OF THE 7TH
Toronto Blue Jays batting - Pitching for Texas Rangers : RHP Tim Leary
Batting: RHB Jose Gonzalez 0-0: SINGLE (Line Drive, 89M, EV 107.5 MPH)
Pinch Hitting: RHB Alex Villalobos 0-0: Ball
1-0: Foul Ball, location: 2F
1-1: Ball
2-1: Swinging Strike
2-2: Foul Ball, location: 2F
2-2: Ball
3-2: Strikes out swinging
Jose Gonzalez steals 2nd base (no throw)
Batter strikes out.
Pitching: RHP Ed Lynch
Pinch Hitting: RHB Jose Carrillo 0-0: Ball
1-0: Called Strike
1-1: SINGLE (Groundball, 34D, EV 103.1 MPH)
Jose Gonzalez to third
Runner from 3rd tries for Home, SAFE, throw by RF to home
Batting: RHB Andres Galarraga 0-0: Called Strike
0-1: Foul Ball, location: 2F
0-2: Ball
1-2: 2-RUN HOME RUN (Flyball, 9D, EV 94.4 MPH), Distance : 379 ft
Batting: RHB Hubie Brooks 0-0: Ground out 5-3 (Groundball, 56S, EV 63.8 MPH)
Batting: LHB Milt Thompson 0-0: Foul Ball, location: 2F
0-1: SINGLE (Groundball, 4MS, EV 66.9 MPH) (infield hit)
Batting: RHB Cal Ripken 0-0: Ball
1-0: Ground out 2-3 (Groundball, 2L, EV 62.5 MPH)
Top of the 7th over - 3 runs, 4 hits, 0 errors, 1 left on base; Toronto 7 - Texas 16
BOTTOM OF THE 7TH
Texas Rangers batting - Pitching for Toronto Blue Jays : RHP Nick Piazza
Now at SS: Jose Carrillo
Now in LF: Manny Leal
Batting: LHB Jody Helser 0-0: Fly out, F6 (Line Drive, 6, EV 69.4 MPH)
Batting: RHB Steve Garvey 0-0: Ball
1-0: Ball
2-0: Called Strike
2-1: Ball
3-1: Fly out, F8 (Flyball, 8RXD, EV 77.5 MPH)
Batting: RHB Steve Balboni 0-0: Called Strike
0-1: Ball
1-1: Swinging Strike
1-2: Fly out, F9 (Flyball, 9LS, EV 75.6 MPH)
Bottom of the 7th over - 0 runs, 0 hits, 0 errors, 0 left on base; Toronto 7 - Texas 16
TOP OF THE 8TH
Toronto Blue Jays batting - Pitching for Texas Rangers : RHP Ed Lynch
Batting: RHB Fritzie Connally 0-0: Ball
1-0: Ball
2-0: Ball
3-0: Called Strike
3-1: Base on Balls
Batting: SHB Harold Reynolds 0-0: SINGLE (Groundball, 4MD, EV 100.6 MPH) (infield hit)
Fritzie Connally to second
Batting: RHB Jose Gonzalez 0-0: Ball
1-0: Foul Ball, location: 2F
1-1: SINGLE (Line Drive, 56D, EV 96.9 MPH)
Fritzie Connally to third
Harold Reynolds to second
Runner from 3rd tries for Home, SAFE, throw by LF to home
Batting: LHB Manny Leal 0-0: Called Strike
0-1: Ball
1-1: Fielders Choice at 2nd, 3-6 (Groundball, 3, EV 85.0 MPH)
Harold Reynolds to third
Batting: RHB Jose Carrillo 0-0: Called Strike
0-1: Grounds into double play, 6-4-3 (Groundball, 6, EV 90.6 MPH)
Top of the 8th over - 1 run, 2 hits, 0 errors, 1 left on base; Toronto 8 - Texas 16
BOTTOM OF THE 8TH
Texas Rangers batting - Pitching for Toronto Blue Jays : RHP Nick Piazza
Pitching: RHP Stephen Williams
Batting: RHB Rich Dauer 0-0: Ball
1-0: Ground out 6-3 (Groundball, 6, EV 84.4 MPH)
Batting: RHB Joe Charboneau 0-0: Ball
1-0: Called Strike
1-1: Ball
2-1: Ground out 5-3 (Groundball, 56, EV 105.0 MPH)
Batting: RHB George Bjorkman 0-0: Called Strike
0-1: Foul Ball, location: 2F
0-2: Foul Ball, location: 2F
0-2: Ball
1-2: Ground out 5-3 (Groundball, 56, EV 85.6 MPH)
Bottom of the 8th over - 0 runs, 0 hits, 0 errors, 0 left on base; Toronto 8 - Texas 16
TOP OF THE 9TH
Toronto Blue Jays batting - Pitching for Texas Rangers : RHP Ed Lynch
Batting: RHB Andres Galarraga 0-0: Called Strike
0-1: Called Strike
0-2: SINGLE (Groundball, 23, EV 66.3 MPH) (infield hit)
Batting: RHB Hubie Brooks 0-0: Called Strike
0-1: Called Strike
0-2: DOUBLE (Groundball, 5L, EV 100.6 MPH)
Andres Galarraga to third
Pitching: RHP Kent Tekulve
Batting: LHB Milt Thompson 0-0: Swinging Strike
0-1: SINGLE (Line Drive, 9LS, EV 96.9 MPH)
Andres Galarraga scores
Hubie Brooks to third
Batting: RHB Cal Ripken 0-0: Foul Ball, location: 2F
0-1: Ball
1-1: Fly out, F9 (Flyball, 89M, EV 92.5 MPH)
Batting: RHB Fritzie Connally 0-0: Ball
1-0: Foul Ball, location: 2F
1-1: Foul Ball, location: 2F
1-2: Ball
2-2: Grounds into double play, 4-6-3 (Groundball, 4M, EV 109.4 MPH)
Top of the 9th over - 1 run, 3 hits, 0 errors, 1 left on base; Toronto 9 - Texas 16
Friday, July 31st, 2020 - OOTP Baseball 21.5 Build 76